 Dungeon Crawl Stone Soup version 0.28-a0-21-gf74fda84f9 (webtiles) character file.

Game seed: 5130626085691961268

246 Spaninq the Magician (level 5, -4/35 HPs)
             Began as a Mummy Summoner on July 26, 2021.
             Shot with an arrow by a centaur (12 damage)
             ... on level 4 of the Dungeon.
             The game lasted 00:12:21 (5257 turns).

Spaninq the Magician (Mummy Summoner)               Turns: 5257, Time: 00:12:22

Health: -4/35      AC:  2    Str: 11    XL:     5   Next: 84%
Magic:  5/20       EV: 11    Int: 21    God:
Gold:   66         SH:  4    Dex: 13    Spells: 10/13 levels left

rFire   x . .      SeeInvis .   o - +2 whip (drain)
rCold   + . .      Faith    .   i - +0 buckler
rNeg    + + +      Spirit   .   a - +0 robe
rPois   ∞          Reflect  .   (no helmet)
rElec   .          Harm     .   (no cloak)
rCorr   .          Rampage  .   (no gloves)
Will    .....                   (no boots)
Stlth   ++........              (no amulet)
HPRegen 0.11/turn               j - +6 ring of intelligence
MPRegen 0.17/turn               n - ring of magical power

@: no status effects
A: cold resistance 1, negative energy resistance 3, torment resistance 2, heat
vulnerability 1, no potions
a: no special abilities


You were on level 4 of the Dungeon.
You visited 1 branch of the dungeon, and saw 4 of its levels.

You collected 66 gold pieces.

Inventory:

Hand Weapons
 o - a +2 whip of draining (weapon)
Missiles
 h - 6 atropa-tipped darts
Armour
 a - a +0 robe (worn)
 i - a +0 buckler (worn)
Jewellery
 j - a +6 ring of intelligence (left hand)
 n - a ring of magical power (right hand)
Wands
 f - a wand of mindburst (10)
 k - a wand of polymorph (7)
Scrolls
 b - 4 scrolls of identify {unknown}
 c - a scroll of teleportation
 d - a scroll of vulnerability {unknown}
 e - a scroll of magic mapping {unknown}
 g - a scroll of brand weapon {unknown}
 l - a scroll of enchant armour {unknown}
 m - a scroll of summoning {unknown}
 p - a scroll of fog {unknown}


   Skills:
 - Level 1.5 Dodging
 - Level 1.5 Stealth
 * Level 2.7 Shields
 + Level 4.5 Spellcasting
 + Level 4.4 Summonings


You had 10 spell levels left.
You knew the following spells:

 Your Spells              Type           Power      Damage    Failure   Level
a - Summon Small Mammal   Summ           92%        N/A       2%          1
b - Call Imp              Summ           23%        N/A       3%          2

Your spell library contained the following spells:

 Spells                   Type           Power      Damage    Failure   Level
 Call Canine Familiar     Summ           23%        N/A       6%          3
 Summon Guardian Golem    Hex/Summ       14%        N/A       16%         3
 Blink                    Tloc           N/A        N/A       21%         2
 Lesser Beckoning         Tloc           2%         N/A       36%         3
 Summon Lightning Spire   Summ/Air       14%        N/A       45%         4
 Manifold Assault         Tloc           4%         N/A       98%         5


Dungeon Overview and Level Annotations

Branches:
Dungeon (4/15)
 Temple: D:4-7

Altars:
Elyvilon
Wu Jian
Xom

Shops:
D:1 *


Innate Abilities, Weirdness & Mutations

You are immune to poison.
Your flesh is cold resistant. (rC+)
You are immune to negative energy. (rN+++)
You are immune to unholy pain and torment.
You are vulnerable to heat. (rF-)
You do not drink.


Message History

A beastly little devil appears in a puff of frigid air.
Your crimson imp disappears in a puff of smoke!
Your crimson imp blinks!
Casting: Call Imp (safe; 3% risk of failure)
Confirm with . or Enter, or press ? or * to list all spells.
A beastly little devil appears in a puff of frigid air.
The centaur shoots an arrow.
The arrow hits your crimson imp!
The centaur shoots an arrow.
The arrow hits your crimson imp!
Your crimson imp dies!
Casting: Call Imp (safe; 3% risk of failure)
Confirm with . or Enter, or press ? or * to list all spells.
A beastly little devil appears in a puff of flame.
Your white imp disappears in a puff of smoke!
The centaur shoots an arrow.
The arrow closely misses your white imp.
The arrow completely misses you.
Casting: Call Imp (safe; 3% risk of failure)
Confirm with . or Enter, or press ? or * to list all spells.
A beastly little devil appears in a puff of flame.
Your white imp disappears in a puff of smoke!
The centaur shoots an arrow.
The arrow hits your white imp!
The centaur shoots an arrow.
The arrow hits your white imp.
Your white imp dies!
Casting: Call Imp (safe; 3% risk of failure)
Confirm with . or Enter, or press ? or * to list all spells.
A beastly little devil appears in a puff of frigid air.
The centaur shoots an arrow.
The arrow hits your white imp!
Your white imp dies!
Your crimson imp blinks!
Casting: Call Imp (safe; 3% risk of failure)
Confirm with . or Enter, or press ? or * to list all spells.
A beastly little devil appears in a puff of flame.
Your crimson imp disappears in a puff of smoke!
The centaur shoots an arrow.
The arrow hits you!
Your crimson imp blinks!
The centaur shoots an arrow.
The arrow hits you!
* * * LOW HITPOINT WARNING * * *
Your crimson imp disappears in a puff of smoke!
The centaur shoots an arrow.
The arrow hits you!
You die...

#. .......## #..
:##.......# # #..
.#.......# #..#####.
.....c..# ...#....
....§..#..#........
..§......#........ ##
##...# ...#.##.....
..#..#5!.# ..)..##....#
#.....5@####.....>...###
#####........##........<
###...........#.<.##
###...###.......## .
###..#.........#
#...###...........
#..............#
##.####.....##.# #.
#......#.##..


You could see a centaur (ally target) and 2 friendly crimson imps.

Vanquished Creatures
  An ogre (D:4)
  Blork the orc (D:4)
  An adder (D:4)
  2 dart slugs
  2 bats
  5 endoplasms
  2 giant cockroaches
  3 hobgoblins (D:3)
  2 jackals
  2 kobolds
  A quokka (D:1)
  A frilled lizard (D:2)
  A quokka skeleton (D:4)
  A rat (D:3)
25 creatures vanquished.

Vanquished Creatures (collateral kills)
  A centaur zombie (D:4)
  Jessica (D:3)
  An iguana (D:4)
  A hound skeleton (D:4)
  3 adders (D:3)
  A dart slug (D:1)
  4 orcs (D:3)
  4 endoplasms
  A giant cockroach (D:2)
  7 goblins
  4 hobgoblins
  5 jackals
  2 ball pythons (D:2)
  6 bats
  2 frilled lizards
  3 kobolds
  A rat (D:3)
47 creatures vanquished.

Grand Total: 72 creatures vanquished

Notes
Turn   | Place    | Note
-------+----------+-------------------------------------------
     0 | D:1      | Spaninq the Mummy Summoner began the quest for the Orb.
     0 | D:1      | Reached XP level 1. HP: 13/13 MP: 4/4
   462 | D:1      | Reached XP level 2. HP: 7/19 MP: 6/6
   666 | D:1      | Learned a level 2 spell: Call Imp
   929 | D:1      | Found Ecunlots's General Store.
  1967 | D:2      | Reached XP level 3. HP: 24/24 MP: 2/7
  2822 | D:3      | Found an ornate altar of the Wu Jian Council.
  2885 | D:3      | Noticed Jessica
  2906 | D:3      | Killed Jessica
  2925 | D:3      | Found a shimmering altar of Xom.
  3118 | D:3      | Reached skill level 1 in Shields
  3213 | D:3      | Reached XP level 4. HP: 7/30 MP: 2/9
  3731 | D:3      | Found a faded altar of an unknown god.
  4728 | D:4      | Noticed Blork the orc
  4737 | D:4      | Killed Blork the orc
  4738 | D:4      | Reached XP level 5. HP: 11/35 MP: 10/11
  5136 | D:4      | Noticed an ogre
  5154 | D:4      | Killed an ogre
  5247 | D:4      | Noticed a centaur
  5257 | D:4      | Shot with an arrow by a centaur

Illustrated notes

Levels and vault maps discovered:
D:1:      evilmike_arrival_hilbert_curve, layout_basic, serial_shops,
          nicolae_square_shop, minmay_misc_feat_plants, minivault_27
D:2:      layout_loops_cross, minmay_tromino_v4_b
D:3:      layout_basic, grunt_temple_overflow_open,
          nicolae_overflow_crystal_walls,
          hellmonk_ecumenical_altar_inner_sanctum, chequers_jeans,
          minmay_increasing_density, uniq_jessica
D:4:      minmay_skewed_foursquare, layout_cave_pools,
          mainiacjoe_overflow_alcove_2, uniq_blork_the_orc

Skill      XL: |  1  2  3  4 |
---------------+-------------+-----
Spellcasting   | 3 4 |  4.5
Summonings     | 4 |  4.4
Shields        | 1 2 |  2.7
Dodging        | |  1.5
Stealth        | |  1.5

Action                   |  1- 3 |  4- 6 || total
-------------------------+-------+-------++-------
Melee: Unarmed           |    12 |       ||    12
       Dagger            |    66 |     8 ||    74
       Whip              |       |    18 ||    18
 Cast: Summon Small Mamm |    21 |       ||    21
       Call Imp          |    54 |    49 ||   103
  Use: Scroll            |     1 |       ||     1
 Stab: Sleeping          |       |     1 ||     1
Armor: Robe              |    19 |     7 ||    26
Dodge: Dodged            |    56 |    25 ||    81
Block: Buckler           |     2 |     5 ||     7

Table legend: (Time is in decaauts)
 A = Elapsed time spent in this place.
 B = Non-inter-level travel time spent in this place.
 C = Inter-level travel time spent in this place.
 D = Time resting spent in this place.
 E = Time spent auto-exploring this place.
 F = Levels seen in this place.
 G = Mean time per level.
                   A        B        C        D        E       F      G
               +--------+--------+--------+--------+--------+-----+--------+
         Total |   5258 |   5153 |    105 |   1419 |   3071 |   4 | 1314.5 |
       Dungeon |   5258 |   5153 |    105 |   1419 |   3071 |   4 | 1314.5 |
               +--------+--------+--------+--------+--------+-----+--------+

Top non-repeatable levels by time:
     D:1: 1586 daAuts
     D:3: 1464 daAuts
     D:2: 1183 daAuts
     D:4: 1024 daAuts
